3A
KENNESAW JETS @ PUT-IN-BAY BC
09/02/2042
 
TOP OF THE 1ST
Kennesaw Jets batting - Pitching for Put-In-Bay BC : RHP Rob Bates
Pitching: RHP Rob Bates
Batting: LHB Steve Hodge 0-0: Foul Ball, location: 2F
0-1: Foul Ball, location: 2F
0-2: Ball
1-2: Strikes out looking
Batting: LHB Ta-hye Keng 0-0: Ball
1-0: Called Strike
1-1: SINGLE (Line Drive, 7S, EV 104.4 MPH)
Batting: RHB Rubén Nuañez 0-0: Fly out, F8 (Flyball, 8RXD, EV 99.4 MPH)
Batting: LHB José Costa 0-0: Called Strike
0-1: Ball
1-1: Fly out, F9 (Flyball, 9, EV 95.0 MPH)
Top of the 1st over - 0 runs, 1 hit, 0 errors, 1 left on base; Kennesaw 0 - Put-In-Bay 0
BOTTOM OF THE 1ST
Put-In-Bay BC batting - Pitching for Kennesaw Jets : RHP Britt Casey
Pitching: RHP Britt Casey
Batting: LHB Rob Litten 0-0: Ball
1-0: Foul Ball, location: 2F
1-1: Foul Ball, location: 2F
1-2: Ball
2-2: Fly out, F7 (Flyball, 7S, EV 85.6 MPH)
Batting: SHB Héctor Solís 0-0: Ball
1-0: Swinging Strike
1-1: Foul Ball, location: 2F
1-2: Strikes out swinging
Batting: RHB Chris P. Bacon 0-0: Ball
1-0: Foul Ball, location: 2F
1-1: Ball
2-1: Ball
3-1: Fly out, F9 (Flyball, 9S, EV 81.2 MPH)
Bottom of the 1st over - 0 runs, 0 hits, 0 errors, 0 left on base; Kennesaw 0 - Put-In-Bay 0
TOP OF THE 2ND
Kennesaw Jets batting - Pitching for Put-In-Bay BC : RHP Rob Bates
Batting: RHB Will Gamble 0-0: Foul Ball, location: 2F
0-1: Ball
1-1: Ball
2-1: Reached on error, E6 (Groundball, 6M, EV 86.2 MPH)
Batting: LHB Jin-song Au-Yong 0-0: Called Strike
0-1: Swinging Strike
0-2: Ball
1-2: Ball
2-2: Strikes out looking
Batting: LHB Enreecko-Edilberto Bibilone 0-0: Called Strike
0-1: Called Strike
0-2: Foul Ball, location: 2F
0-2: Ball
1-2: Fly out, F4 (Line Drive, 4, EV 65.6 MPH)
Batting: RHB Wally Harrison 0-0: Ball
1-0: DOUBLE (Line Drive, 3D, EV 101.9 MPH)
Will Gamble to third
Runner from 3rd tries for Home, SAFE, throw by RF to home
Batting: RHB Steve Gill 0-0: Called Strike
0-1: Swinging Strike
0-2: Strikes out looking
Top of the 2nd over - 1 run, 1 hit, 1 error, 1 left on base; Kennesaw 1 - Put-In-Bay 0
BOTTOM OF THE 2ND
Put-In-Bay BC batting - Pitching for Kennesaw Jets : RHP Britt Casey
Batting: LHB Fernan Espinoza 0-0: Called Strike
0-1: Fly out, F7 (Flyball, 7S, EV 78.8 MPH)
Batting: RHB Bang-xao Li 0-0: Called Strike
0-1: Ball
1-1: Foul Ball, location: 2F
1-2: Ball
2-2: Foul Ball, location: 2F
2-2: Reached on error, E6 (Groundball, 6, EV 83.1 MPH)
Batting: SHB Patrick Sullivan 0-0: Ball
1-0: Ball
2-0: Foul Ball, location: 2F
2-1: Ball
3-1: Base on Balls
Batting: RHB Zach Stafford 0-0: Ball
1-0: Called Strike
1-1: Ball
2-1: Ball
3-1: Base on Balls
Bang-xao Li to third
Patrick Sullivan to second
Batting: LHB Tom Bruce 0-0: Called Strike
0-1: Ball
1-1: Ball
2-1: Foul Ball, location: 2F
2-2: Ball
3-2: SINGLE (Groundball, 6MD, EV 99.4 MPH)
Bang-xao Li scores
Patrick Sullivan to third
Zach Stafford to second
Runner from 3rd tries for Home, SAFE, throw by CF to home
Batting: RHB Cole Hewitt 0-0: Called Strike
Balk!
Zach Stafford to third
Tom Bruce to second
0-1: Ball
1-1: SINGLE (Groundball, 6D, EV 103.8 MPH)
Zach Stafford scores
Tom Bruce to third
Batting: LHB Rob Litten 0-0: Ball
1-0: Swinging Strike
1-1: Called Strike
1-2: Ball
2-2: Strikes out swinging
Batting: SHB Héctor Solís 0-0: Ball
1-0: Foul Ball, location: 2F
1-1: Foul Ball, location: 2F
1-2: Fly out, F2 (Popup, 13S, EV 86.9 MPH)
Bottom of the 2nd over - 3 runs, 2 hits, 1 error, 2 left on base; Kennesaw 1 - Put-In-Bay 3
TOP OF THE 3RD
Kennesaw Jets batting - Pitching for Put-In-Bay BC : RHP Rob Bates
Batting: LHB Steve Hodge 0-0: Called Strike
0-1: Ball
1-1: Ball
2-1: Ball
3-1: Base on Balls
Batting: LHB Ta-hye Keng 0-0: Ball
1-0: Foul Ball, location: 2F
1-1: Foul Ball, location: 2F
1-2: Ball
2-2: Strikes out swinging
Batting: RHB Rubén Nuañez 0-0: SINGLE (Flyball, 7LS, EV 92.5 MPH)
Steve Hodge to second
Batting: LHB José Costa 0-0: Swinging Strike
0-1: Foul Ball, location: 2F
0-2: Fly out, F8 (Flyball, 8LM, EV 90.6 MPH)
Batting: RHB Will Gamble 0-0: Called Strike
0-1: Ball
1-1: Ball
2-1: Foul Ball, location: 2F
2-2: Foul Ball, location: 2F
2-2: Strikes out swinging
Top of the 3rd over - 0 runs, 1 hit, 0 errors, 2 left on base; Kennesaw 1 - Put-In-Bay 3
BOTTOM OF THE 3RD
Put-In-Bay BC batting - Pitching for Kennesaw Jets : RHP Britt Casey
Batting: RHB Chris P. Bacon 0-0: Called Strike
0-1: Ball
1-1: Fly out, F9 (Flyball, 9LS, EV 91.9 MPH)
Batting: LHB Fernan Espinoza 0-0: Ball
1-0: Swinging Strike
1-1: Ball
2-1: Ground out 2-3 (Groundball, 13S, EV 68.1 MPH)
Batting: RHB Bang-xao Li 0-0: Ball
1-0: Foul Ball, location: 2F
1-1: Swinging Strike
1-2: Fly out, F8 (Flyball, 8LS, EV 96.2 MPH)
Bottom of the 3rd over - 0 runs, 0 hits, 0 errors, 0 left on base; Kennesaw 1 - Put-In-Bay 3
TOP OF THE 4TH
Kennesaw Jets batting - Pitching for Put-In-Bay BC : RHP Rob Bates
Batting: LHB Jin-song Au-Yong 0-0: Ball
1-0: Ball
2-0: Swinging Strike
2-1: Swinging Strike
2-2: Strikes out swinging
Batting: LHB Enreecko-Edilberto Bibilone 0-0: Ball
1-0: SINGLE (Groundball, 34S, EV 65.0 MPH) (infield hit)
Batting: RHB Wally Harrison 0-0: Called Strike
0-1: Ball
1-1: DOUBLE (Line Drive, 8RD, EV 101.2 MPH)
Enreecko-Edilberto Bibilone to third
Runner from 3rd tries for Home, SAFE, throw by CF to home
Batting: RHB Steve Gill 0-0: Ball
1-0: Called Strike
1-1: Swinging Strike
1-2: Ball
2-2: Ground out 4-3 (Groundball, 34D, EV 82.5 MPH)
Wally Harrison to third
Batting: LHB Steve Hodge 0-0: Called Strike
0-1: Swinging Strike
0-2: Ball
1-2: Strikes out swinging
Top of the 4th over - 1 run, 2 hits, 0 errors, 1 left on base; Kennesaw 2 - Put-In-Bay 3
BOTTOM OF THE 4TH
Put-In-Bay BC batting - Pitching for Kennesaw Jets : RHP Britt Casey
Batting: SHB Patrick Sullivan 0-0: Foul Ball, location: 2F
0-1: Ground out 5-3 (Groundball, 56, EV 105.0 MPH)
Batting: RHB Zach Stafford 0-0: Called Strike
0-1: Foul Ball, location: 2F
0-2: Foul Ball, location: 2F
0-2: Ball
1-2: Foul Ball, location: 2F
1-2: Ball
2-2: Foul Ball, location: 2F
2-2: Foul Ball, location: 2F
2-2: Ground out 5-3 (Groundball, 56, EV 105.6 MPH)
Batting: LHB Tom Bruce 0-0: Called Strike
0-1: Foul Ball, location: 2F
0-2: Foul Ball, location: 2F
0-2: Ball
1-2: Ball
2-2: Ball
3-2: Strikes out swinging, 2-3 out at first.
Bottom of the 4th over - 0 runs, 0 hits, 0 errors, 0 left on base; Kennesaw 2 - Put-In-Bay 3
TOP OF THE 5TH
Kennesaw Jets batting - Pitching for Put-In-Bay BC : RHP Rob Bates
Batting: LHB Ta-hye Keng 0-0: Called Strike
0-1: Ball
1-1: Ball
2-1: Swinging Strike
2-2: Hit by Pitch
Batting: RHB Rubén Nuañez 0-0: Ball
1-0: Ball
2-0: Called Strike
2-1: Fly out, F9 (Line Drive, 9D, EV 96.9 MPH)
Runner from 1st tags up, SAFE at 2nd
Batting: LHB José Costa 0-0: Ball
1-0: Called Strike
1-1: Ball
2-1: Swinging Strike
2-2: Ball
3-2: Base on Balls
Batting: RHB Will Gamble 0-0: Foul Ball, location: 2F
0-1: Called Strike
0-2: Ball
1-2: Strikes out swinging
Batting: LHB Jin-song Au-Yong 0-0: Called Strike
0-1: Swinging Strike
0-2: Ball
1-2: 3-RUN HOME RUN (Flyball, 9D, EV 86.2 MPH), Distance : 372 ft
Batting: LHB Enreecko-Edilberto Bibilone 0-0: Ball
1-0: Fly out, F8 (Line Drive, 8RD, EV 93.1 MPH)
Top of the 5th over - 3 runs, 1 hit, 0 errors, 0 left on base; Kennesaw 5 - Put-In-Bay 3
BOTTOM OF THE 5TH
Put-In-Bay BC batting - Pitching for Kennesaw Jets : RHP Britt Casey
Batting: RHB Cole Hewitt 0-0: Foul Ball, location: 2F
0-1: Ground out U3 (Groundball, 34, EV 88.1 MPH)
Batting: LHB Rob Litten 0-0: Called Strike
0-1: Ball
1-1: Foul Ball, location: 2F
1-2: Ground out U3 (Groundball, 3, EV 108.1 MPH)
Batting: SHB Héctor Solís 0-0: Called Strike
0-1: SINGLE (Groundball, 56D, EV 101.2 MPH)
Batting: RHB Chris P. Bacon 0-0: Ball
1-0: Ball
2-0: Ball
3-0: Called Strike
3-1: Base on Balls
Héctor Solís to second
Batting: LHB Fernan Espinoza 0-0: Called Strike
0-1: Ball
1-1: Called Strike
1-2: Ball
2-2: Fly out, F7 (Flyball, 7LMF, EV 86.2 MPH)
Bottom of the 5th over - 0 runs, 1 hit, 0 errors, 2 left on base; Kennesaw 5 - Put-In-Bay 3
TOP OF THE 6TH
Kennesaw Jets batting - Pitching for Put-In-Bay BC : RHP Rob Bates
Batting: RHB Wally Harrison 0-0: Ball
1-0: Swinging Strike
1-1: Foul Ball, location: 2F
1-2: Foul Ball, location: 2F
1-2: Ball
2-2: Strikes out swinging
Batting: RHB Steve Gill 0-0: Ball
1-0: Ball
2-0: Called Strike
2-1: Ball
3-1: SINGLE (Line Drive, 89M, EV 84.4 MPH)
Pitching: RHP António León
Batting: LHB Steve Hodge 0-0: Ball
1-0: Foul Ball, location: 2F
1-1: Ball
2-1: Ball
3-1: Called Strike
3-2: Foul Ball, location: 2F
3-2: 2-RUN HOME RUN (Flyball, 7LD, EV 105.0 MPH), Distance : 331 ft
Batting: LHB Ta-hye Keng 0-0: Called Strike
0-1: Called Strike
0-2: Ball
1-2: Strikes out swinging
Batting: RHB Rubén Nuañez 0-0: Ball
1-0: Called Strike
1-1: Foul Ball, location: 2F
1-2: Ball
2-2: Foul Ball, location: 2F
2-2: Strikes out swinging
Top of the 6th over - 2 runs, 2 hits, 0 errors, 0 left on base; Kennesaw 7 - Put-In-Bay 3
BOTTOM OF THE 6TH
Put-In-Bay BC batting - Pitching for Kennesaw Jets : RHP Britt Casey
Batting: RHB Bang-xao Li 0-0: Ball
1-0: Swinging Strike
1-1: Called Strike
1-2: Strikes out swinging
Batting: SHB Patrick Sullivan 0-0: Swinging Strike
0-1: Ball
1-1: Called Strike
1-2: Ball
2-2: Ball
3-2: Foul Ball, location: 2F
3-2: DOUBLE (Line Drive, 9LM, EV 104.4 MPH) - OUT at third base trying to stretch hit.
Batting: RHB Zach Stafford 0-0: SINGLE (Line Drive, 8RS, EV 104.4 MPH)
Pitching: RHP Chang-weon Sin
Batting: LHB Tom Bruce 0-0: Called Strike
Zach Stafford steals 2nd base
0-1: Ball
Wild Pitch!
Zach Stafford to third
1-1: Ball
2-1: Foul Ball, location: 2F
2-2: Strikes out looking
Bottom of the 6th over - 0 runs, 2 hits, 0 errors, 1 left on base; Kennesaw 7 - Put-In-Bay 3
TOP OF THE 7TH
Kennesaw Jets batting - Pitching for Put-In-Bay BC : RHP António León
Batting: LHB José Costa 0-0: Called Strike
0-1: Foul Ball, location: 2F
0-2: Strikes out swinging
Batting: RHB Will Gamble 0-0: Foul Ball, location: 2F
0-1: Ball
1-1: SINGLE (Groundball, 56S, EV 65.6 MPH) (infield hit)
Batting: LHB Jin-song Au-Yong 0-0: Swinging Strike
0-1: Ball
1-1: Ball
2-1: Ball
3-1: Called Strike
3-2: Base on Balls
Will Gamble to second
Pitching: RHP António González
Batting: LHB Enreecko-Edilberto Bibilone 0-0: Called Strike
0-1: Fielders Choice at 2nd, 6-4 (Groundball, 6, EV 83.8 MPH)
Will Gamble to third
Batting: RHB Wally Harrison 0-0: Ball
1-0: Ball
2-0: Ball
3-0: Called Strike
3-1: Fielders Choice at 2nd, 6-4 (Groundball, 6, EV 101.9 MPH)
Top of the 7th over - 0 runs, 1 hit, 0 errors, 2 left on base; Kennesaw 7 - Put-In-Bay 3
BOTTOM OF THE 7TH
Put-In-Bay BC batting - Pitching for Kennesaw Jets : RHP Chang-weon Sin
Batting: RHB Cole Hewitt 0-0: Ball
1-0: Ball
2-0: Swinging Strike
2-1: Foul Ball, location: 2F
2-2: Strikes out swinging
Batting: LHB Rob Litten 0-0: Ball
1-0: Foul Ball, location: 2F
1-1: Swinging Strike
1-2: Ball
2-2: Foul Ball, location: 2F
2-2: Foul Ball, location: 2F
2-2: Foul Ball, location: 2F
2-2: Strikes out swinging
Batting: SHB Héctor Solís 0-0: Called Strike
0-1: Swinging Strike
0-2: Ball
1-2: DOUBLE (Groundball, 3L, EV 103.8 MPH)
Batting: RHB Chris P. Bacon 0-0: Called Strike
0-1: Ball
1-1: DOUBLE (Line Drive, 7LS, EV 98.1 MPH)
Héctor Solís scores
Batting: LHB Fernan Espinoza 0-0: Ball
1-0: Called Strike
1-1: Called Strike
1-2: Strikes out swinging, 2-3 out at first.
Bottom of the 7th over - 1 run, 2 hits, 0 errors, 1 left on base; Kennesaw 7 - Put-In-Bay 4
TOP OF THE 8TH
Kennesaw Jets batting - Pitching for Put-In-Bay BC : RHP António González
Batting: RHB Steve Gill 0-0: Swinging Strike
0-1: Ball
1-1: Ball
2-1: Ball
3-1: Called Strike
3-2: Foul Ball, location: 2F
3-2: Ground out 6-3 (Groundball, 6, EV 95.0 MPH)
Batting: LHB Steve Hodge 0-0: Fly out, F5 (Popup, 56S, EV 71.9 MPH)
Batting: LHB Ta-hye Keng 0-0: Foul Ball, location: 2F
0-1: SINGLE (Flyball, 8LS, EV 86.2 MPH)
Batting: RHB Rubén Nuañez 0-0: Called Strike
0-1: Ball
1-1: Called Strike
1-2: Ball
2-2: Foul Ball, location: 2F
2-2: Ball
3-2: Foul Ball, location: 2F
3-2: Foul Ball, location: 2F
3-2: SINGLE (Line Drive, 89M, EV 104.4 MPH)
Ta-hye Keng to second
Ta-hye Keng to third
Batting: LHB José Costa 0-0: Ball
1-0: Foul Ball, location: 2F
1-1: Ground out 5-3 (Groundball, 56, EV 106.9 MPH)
Top of the 8th over - 0 runs, 2 hits, 0 errors, 2 left on base; Kennesaw 7 - Put-In-Bay 4
BOTTOM OF THE 8TH
Put-In-Bay BC batting - Pitching for Kennesaw Jets : RHP Chang-weon Sin
Now in LF: Russ Boucher
Now in RF: Scotty Forrest
Batting: RHB Bang-xao Li 0-0: Foul Ball, location: 2F
0-1: Ball
1-1: Ball
2-1: Ball
3-1: Base on Balls
Batting: SHB Patrick Sullivan 0-0: Ball
1-0: Foul Ball, location: 2F
1-1: Ball
2-1: Foul Ball, location: 2F
2-2: Hit by Pitch
Bang-xao Li to second
Batting: RHB Zach Stafford 0-0: Ball
1-0: Called Strike
1-1: 3-RUN HOME RUN (Flyball, 7D, EV 108.8 MPH), Distance : 371 ft
Pitching: RHP Ross Vinyard
Batting: LHB Tom Bruce 0-0: Ball
1-0: Called Strike
1-1: Ball
2-1: Ball
3-1: Fly out, F9 (Line Drive, 89M, EV 102.5 MPH)
Batting: RHB Cole Hewitt 0-0: Ball
1-0: Swinging Strike
1-1: Ball
2-1: Ball
3-1: Base on Balls
Batting: LHB Rob Litten 0-0: Ball
1-0: Foul Ball, location: 2F
1-1: Ball
2-1: Called Strike
2-2: SINGLE (Line Drive, 78M, EV 104.4 MPH)
Cole Hewitt to second
Batting: SHB Héctor Solís 0-0: Ball
1-0: Fielders Choice at 2nd, 4-6 (Groundball, 4M, EV 90.0 MPH)
Cole Hewitt to third
Batting: RHB Chris P. Bacon 0-0: Ball
1-0: Foul Ball, location: 2F
1-1: Ball
2-1: Foul Ball, location: 2F
2-2: Fly out, F7 (Line Drive, 7D, EV 90.6 MPH)
Bottom of the 8th over - 3 runs, 2 hits, 0 errors, 2 left on base; Kennesaw 7 - Put-In-Bay 7
TOP OF THE 9TH
Kennesaw Jets batting - Pitching for Put-In-Bay BC : RHP António González
Batting: RHB Will Gamble 0-0: Ball
1-0: Called Strike
1-1: Foul Ball, location: 2F
1-2: Ball
2-2: Fly out, F4 (Popup, 4M, EV 66.9 MPH)
Batting: LHB Jin-song Au-Yong 0-0: Ball
1-0: Ball
2-0: Fly out, F8 (Line Drive, 8LD, EV 100.6 MPH)
Pitching: LHP Bruce Kimsey
Batting: LHB Enreecko-Edilberto Bibilone 0-0: Foul Ball, location: 2F
0-1: Foul Ball, location: 2F
0-2: Foul Ball, location: 2F
0-2: Strikes out looking
Top of the 9th over - 0 runs, 0 hits, 0 errors, 0 left on base; Kennesaw 7 - Put-In-Bay 7
BOTTOM OF THE 9TH
Put-In-Bay BC batting - Pitching for Kennesaw Jets : RHP Ross Vinyard
Pitching: LHP José Correa
Batting: LHB Fernan Espinoza 0-0: Foul Ball, location: 2F
0-1: Ball
1-1: Foul Ball, location: 2F
1-2: Strikes out swinging
Batting: RHB Bang-xao Li 0-0: Called Strike
0-1: Foul Ball, location: 2F
0-2: Foul Ball, location: 2F
0-2: Ball
1-2: Ball
2-2: Foul Ball, location: 2F
2-2: Foul Ball, location: 2F
2-2: Ground out 4-3 (Groundball, 4D, EV 78.8 MPH)
Batting: SHB Patrick Sullivan 0-0: Called Strike
0-1: Foul Ball, location: 2F
0-2: Foul Ball, location: 2F
0-2: Ball
1-2: Ball
2-2: Foul Ball, location: 2F
2-2: Ground out 4-3 (Groundball, 4MD, EV 98.8 MPH)
Bottom of the 9th over - 0 runs, 0 hits, 0 errors, 0 left on base; Kennesaw 7 - Put-In-Bay 7
TOP OF THE 10TH
Kennesaw Jets batting - Pitching for Put-In-Bay BC : LHP Bruce Kimsey
Batting: RHB Wally Harrison 0-0: DOUBLE (Line Drive, 7LM, EV 93.8 MPH)
Batting: RHB Steve Gill 0-0: Fly out, F9 (Flyball, 9S, EV 98.1 MPH)
Batting: LHB Steve Hodge 0-0: Intentional Walk
Batting: LHB Russ Boucher 0-0: Called Strike
0-1: Called Strike
0-2: Strikes out looking
Batting: LHB Scotty Forrest 0-0: Ball
1-0: Ball
2-0: Called Strike
2-1: Ball
3-1: Called Strike
3-2: Base on Balls
Wally Harrison to third
Steve Hodge to second
Batting: LHB José Costa 0-0: Foul Ball, location: 2F
0-1: Ball
1-1: Ball
2-1: Swinging Strike
2-2: Ball
3-2: Strikes out looking
Top of the 10th over - 0 runs, 1 hit, 0 errors, 3 left on base; Kennesaw 7 - Put-In-Bay 7
BOTTOM OF THE 10TH
Put-In-Bay BC batting - Pitching for Kennesaw Jets : LHP José Correa
Batting: RHB Zach Stafford 0-0: Ball
1-0: Fly out, F9 (Flyball, 89S, EV 87.5 MPH)
Batting: LHB Tom Bruce 0-0: Ball
1-0: Ball
2-0: Swinging Strike
2-1: Foul Ball, location: 2F
2-2: Foul Ball, location: 2F
2-2: Ball
3-2: Strikes out swinging
Batting: RHB Cole Hewitt 0-0: Called Strike
0-1: Ball
1-1: Ball
2-1: Ball
3-1: Foul Ball, location: 2F
3-2: Foul Ball, location: 2F
3-2: Reached via error on a dropped throw from 3B, E3 (Groundball, 5S, EV 83.1 MPH)
Batting: LHB Rob Litten 0-0: Ground out U3 (Groundball, 34, EV 103.8 MPH)
Bottom of the 10th over - 0 runs, 0 hits, 1 error, 1 left on base; Kennesaw 7 - Put-In-Bay 7
TOP OF THE 11TH
Kennesaw Jets batting - Pitching for Put-In-Bay BC : LHP Bruce Kimsey
Pitching: RHP Gonzalo Garibay
Batting: RHB Will Gamble 0-0: Called Strike
0-1: Foul Ball, location: 2F
0-2: Hit by Pitch
Batting: LHB Jin-song Au-Yong 0-0: Ball
1-0: Bunted foul
1-1: Sac Bunt to 2L - play at first, batter OUT! 2-4
Will Gamble to second
Batting: LHB Enreecko-Edilberto Bibilone 0-0: Intentional Walk
Batting: RHB Wally Harrison 0-0: Fly out, F8 (Flyball, 8LM, EV 91.2 MPH)
Runner from 2nd tags up, SAFE at 3rd with throw by CF
Batting: RHB Steve Gill 0-0: Called Strike
0-1: Ball
1-1: Called Strike
1-2: Ground out U3 (Groundball, 3S, EV 83.1 MPH)
Top of the 11th over - 0 runs, 0 hits, 0 errors, 2 left on base; Kennesaw 7 - Put-In-Bay 7
BOTTOM OF THE 11TH
Put-In-Bay BC batting - Pitching for Kennesaw Jets : LHP José Correa
Pitching: LHP Sean Boyd
Batting: SHB Héctor Solís 0-0: Ball
1-0: Ground out 4-3 (Groundball, 34, EV 90.6 MPH)
Pitching: RHP Rafael Galván
Batting: RHB Chris P. Bacon 0-0: Called Strike
0-1: Fly out, F8 (Flyball, 8LD, EV 85.0 MPH)
Batting: LHB Fernan Espinoza 0-0: Ball
1-0: Ball
2-0: Ball
3-0: Base on Balls
Batting: RHB Bang-xao Li 0-0: Ball
1-0: Called Strike
1-1: Ball
Pickoff Throw to First - Error! E1
Fernan Espinoza to second
2-1: Called Strike
2-2: Foul Ball, location: 2F
2-2: Fly out, F9 (Flyball, 9D, EV 92.5 MPH)
Bottom of the 11th over - 0 runs, 0 hits, 1 error, 1 left on base; Kennesaw 7 - Put-In-Bay 7
TOP OF THE 12TH
Kennesaw Jets batting - Pitching for Put-In-Bay BC : RHP Gonzalo Garibay
Batting: LHB Steve Hodge 0-0: Ball
1-0: Called Strike
1-1: Ground out U3 (Groundball, 3L, EV 86.9 MPH)
Batting: LHB Russ Boucher 0-0: Swinging Strike
0-1: Called Strike
0-2: Fly out, F7 (Flyball, 78S, EV 81.2 MPH)
Batting: LHB Scotty Forrest 0-0: Ball
1-0: Ball
2-0: Ball
3-0: Called Strike
3-1: Base on Balls
Batting: LHB José Costa 0-0: Foul Ball, location: 2F
0-1: Ball
1-1: Foul Ball, location: 2F
1-2: Foul Ball, location: 2F
1-2: Foul Ball, location: 2F
1-2: Ground out 4-3 (Groundball, 4MS, EV 84.4 MPH)
Top of the 12th over - 0 runs, 0 hits, 0 errors, 1 left on base; Kennesaw 7 - Put-In-Bay 7
BOTTOM OF THE 12TH
Put-In-Bay BC batting - Pitching for Kennesaw Jets : RHP Rafael Galván
Pitching: RHP Bruce Mitchell
Batting: SHB Patrick Sullivan 0-0: Ball
1-0: Foul Ball, location: 2F
1-1: Foul Ball, location: 2F
1-2: Fly out, F7 (Flyball, 7S, EV 89.4 MPH)
Batting: RHB Zach Stafford 0-0: Ball
1-0: Foul Ball, location: 2F
1-1: Swinging Strike
1-2: Strikes out swinging
Batting: LHB Tom Bruce 0-0: Ball
1-0: Ball
2-0: Ball
3-0: Called Strike
3-1: Foul Ball, location: 2F
3-2: Foul Ball, location: 2F
3-2: Foul Ball, location: 2F
3-2: Foul Ball, location: 2F
3-2: Base on Balls
Pinch Hitting: LHB Roberto Pacheco 0-0: Called Strike
0-1: Foul Ball, location: 2F
0-2: Ball
1-2: Ball
2-2: Fielders Choice at 2nd, 6-4 (Groundball, 56, EV 79.4 MPH)
Bottom of the 12th over - 0 runs, 0 hits, 0 errors, 1 left on base; Kennesaw 7 - Put-In-Bay 7
TOP OF THE 13TH
Kennesaw Jets batting - Pitching for Put-In-Bay BC : RHP Gonzalo Garibay
Now at C: Mark Mathews
Batting: RHB Will Gamble 0-0: Called Strike
0-1: Swinging Strike
0-2: Strikes out swinging
Batting: LHB Jin-song Au-Yong 0-0: Foul Ball, location: 2F
0-1: Foul Ball, location: 2F
0-2: Strikes out looking
Batting: LHB Enreecko-Edilberto Bibilone 0-0: Ball
1-0: Ball
2-0: Ball
3-0: Called Strike
3-1: Base on Balls
Batting: RHB Wally Harrison 0-0: Ball
1-0: Ball
2-0: Swinging Strike
2-1: Ball
3-1: Foul Ball, location: 2F
3-2: Strikes out swinging
Top of the 13th over - 0 runs, 0 hits, 0 errors, 1 left on base; Kennesaw 7 - Put-In-Bay 7
BOTTOM OF THE 13TH
Put-In-Bay BC batting - Pitching for Kennesaw Jets : RHP Bruce Mitchell
Batting: LHB Rob Litten 0-0: Ball
1-0: SINGLE (Groundball, 34D, EV 100.0 MPH)
Batting: SHB Héctor Solís 0-0: Bunted foul
0-1: Sac Bunt to 2L - play at first, batter OUT! 2-4
Rob Litten to second
Batting: RHB Chris P. Bacon 0-0: Ground out 6-3 (Groundball, 6, EV 107.5 MPH)
Batting: LHB Fernan Espinoza 0-0: Called Strike
0-1: Called Strike
0-2: Ball
1-2: Ball
2-2: Fly out, F7 (Flyball, 78S, EV 86.2 MPH)
Bottom of the 13th over - 0 runs, 1 hit, 0 errors, 1 left on base; Kennesaw 7 - Put-In-Bay 7
TOP OF THE 14TH
Kennesaw Jets batting - Pitching for Put-In-Bay BC : RHP Gonzalo Garibay
Batting: RHB Steve Gill 0-0: Called Strike
0-1: Ball
1-1: Foul Ball, location: 2F
1-2: Ground out 6-3 (Groundball, 6M, EV 103.8 MPH)
Batting: LHB Steve Hodge 0-0: Swinging Strike
0-1: Foul Ball, location: 2F
0-2: Strikes out swinging
Batting: LHB Russ Boucher 0-0: Ball
1-0: SINGLE (Groundball, 6D, EV 110.0 MPH)
Batting: LHB Scotty Forrest 0-0: Called Strike
0-1: Swinging Strike
0-2: Ball
1-2: Strikes out looking
Top of the 14th over - 0 runs, 1 hit, 0 errors, 1 left on base; Kennesaw 7 - Put-In-Bay 7
BOTTOM OF THE 14TH
Put-In-Bay BC batting - Pitching for Kennesaw Jets : RHP Bruce Mitchell
Batting: RHB Bang-xao Li 0-0: Called Strike
0-1: Called Strike
0-2: Ball
1-2: Ball
2-2: Strikes out looking
Batting: SHB Patrick Sullivan 0-0: Called Strike
0-1: Swinging Strike
0-2: Ball
1-2: Foul Ball, location: 2F
1-2: Strikes out swinging
Batting: RHB Zach Stafford 0-0: Ball
1-0: Called Strike
1-1: Ball
2-1: Foul Ball, location: 2F
2-2: Strikes out swinging
Bottom of the 14th over - 0 runs, 0 hits, 0 errors, 0 left on base; Kennesaw 7 - Put-In-Bay 7
TOP OF THE 15TH
Kennesaw Jets batting - Pitching for Put-In-Bay BC : RHP Gonzalo Garibay
Batting: LHB José Costa 0-0: Ball
1-0: Called Strike
1-1: Foul Ball, location: 2F
1-2: Ground out 6-3 (Groundball, 6, EV 104.4 MPH)
Batting: RHB Will Gamble 0-0: Ball
1-0: Called Strike
1-1: Ball
2-1: Foul Ball, location: 2F
2-2: Foul Ball, location: 2F
2-2: Foul Ball, location: 2F
2-2: Strikes out swinging
Pitching: RHP Júlio Japón
Batting: LHB Jin-song Au-Yong 0-0: Foul Ball, location: 2F
0-1: Ball
1-1: Fly out, F9 (Flyball, 9LM, EV 96.2 MPH)
Top of the 15th over - 0 runs, 0 hits, 0 errors, 0 left on base; Kennesaw 7 - Put-In-Bay 7
BOTTOM OF THE 15TH
Put-In-Bay BC batting - Pitching for Kennesaw Jets : RHP Bruce Mitchell
Batting: LHB Tom Bruce 0-0: Called Strike
0-1: Foul Ball, location: 2F
0-2: Strikes out swinging
Batting: RHB Mark Mathews 0-0: Foul Ball, location: 2F
0-1: Called Strike
0-2: Strikes out swinging
Batting: LHB Rob Litten 0-0: Ground out 1-3 (Groundball, 34S, EV 80.0 MPH)
Bottom of the 15th over - 0 runs, 0 hits, 0 errors, 0 left on base; Kennesaw 7 - Put-In-Bay 7
TOP OF THE 16TH
Kennesaw Jets batting - Pitching for Put-In-Bay BC : RHP Júlio Japón
Batting: LHB Enreecko-Edilberto Bibilone 0-0: Called Strike
0-1: Ground out U3 (Groundball, 3S, EV 63.8 MPH)
Batting: RHB Wally Harrison 0-0: SINGLE (Line Drive, 4MD, EV 95.0 MPH)
Batting: RHB Steve Gill 0-0: Swinging Strike
0-1: Swinging Strike
0-2: Foul Ball, location: 2F
0-2: Ball
1-2: Ball
2-2: Strikes out swinging
Batting: LHB Steve Hodge 0-0: Called Strike
0-1: Ball
1-1: Called Strike
1-2: Strikes out swinging
Top of the 16th over - 0 runs, 1 hit, 0 errors, 1 left on base; Kennesaw 7 - Put-In-Bay 7
BOTTOM OF THE 16TH
Put-In-Bay BC batting - Pitching for Kennesaw Jets : RHP Bruce Mitchell
Batting: SHB Héctor Solís 0-0: Ball
1-0: Foul Ball, location: 2F
1-1: Swinging Strike
1-2: Strikes out swinging
Batting: RHB Chris P. Bacon 0-0: Called Strike
0-1: Called Strike
0-2: Ball
1-2: Ball
2-2: Ball
3-2: Base on Balls
Pitching: RHP Máximo Luna
Batting: LHB Fernan Espinoza 0-0: Called Strike
Chris P. Bacon steals 2nd base
0-1: Called Strike
0-2: Ball
1-2: Ball
Wild Pitch!
Chris P. Bacon to third
2-2: Ball
3-2: SINGLE (Groundball, 4, EV 85.6 MPH) (infield hit)
Chris P. Bacon scores
GAME OVER ... PUT
In-Bay defeats Kennesaw, 8 to 7
Friday, March 26th, 2021 - OOTP Baseball 20.8 Build 74